 Dungeon Crawl Stone Soup version 0.19.3-4-gbf9329e (console) character file.

4813 gdspd the Cleaver (level 10, -4/90 (91) HPs)
             Began as a Minotaur Fighter on Jan 29, 2017.
             Was an Elder of Okawaru.
             Slain by an eight-headed hydra (12 damage)
             ... on level 8 of the Dungeon.
             The game lasted 00:34:34 (6874 turns).

gdspd the Cleaver (Minotaur Fighter)                Turns: 6874, Time: 00:34:35

HP:   -4/90 (91)    AC:  9    Str: 21    XL:     10   Next: 24%
MP:   8/9           EV:  8    Int:  6    God:    Okawaru [****..]
Gold: 208           SH: 12    Dex: 12    Spells: 0 memorised, 9 levels left

rFire  . . .     SeeInvis .     J - +4 war axe
rCold  . . .     Gourm    .     b - +0 scale mail
rNeg   + . .     Faith    .     c - +1 shield
rPois  .         Spirit   .     (helmet restricted)
rElec  .         Reflect  .     (no cloak)
rCorr  .         Harm     .     (no gloves)
MR     .....                    R - +0 pair of boots
Stlth  ..........               C - amulet of regeneration
                                w - ring of flight
                                e - ring of positive energy

@: about to teleport, flying
A: retaliatory headbutt, horns 2
a: Heroism, Renounce Religion, Stop Flying


You were on level 8 of the Dungeon.
You worshipped Okawaru.
Okawaru was greatly pleased with you.
You were not hungry.

You visited 2 branches of the dungeon, and saw 10 of its levels.

You collected 559 gold pieces.
You spent 351 gold pieces at shops.

Inventory:

Hand Weapons
 J - a +4 war axe (weapon)
   (You took it off a wight on level 7 of the Dungeon)
Armour
 b - a +0 scale mail (worn)
 c - a +1 shield (worn)
 R - a +0 pair of boots (worn)
   (You found it on level 9 of the Dungeon)
Jewellery
 e - a ring of positive energy (left hand)
   (You found it on level 1 of the Dungeon)
 w - a ring of flight (right hand)
   (You found it on level 3 of the Dungeon)
 x - a +4 amulet of reflection
   (You found it on level 3 of the Dungeon)
 C - an amulet of regeneration (around neck)
   (You found it on level 7 of the Dungeon)
Wands
 z - a wand of flame (46/48)
   (You took it off a goblin on level 6 of the Dungeon)
 B - a wand of paralysis (13/24)
   (You found it on level 7 of the Dungeon)
 F - a wand of polymorph (12/24)
   (You found it on level 6 of the Dungeon)
 H - a wand of paralysis (13/24)
   (You found it on level 6 of the Dungeon)
 L - a wand of flame (16/48)
   (You took it off a big kobold on level 8 of the Dungeon)
 O - a wand of digging (9/24)
   (You found it on level 8 of the Dungeon)
 P - a wand of paralysis (10/24)
   (You found it on level 9 of the Dungeon)
 Q - a wand of teleportation (4/9)
   (You bought it in a shop on level 9 of the Dungeon)
Scrolls
 h - 7 scrolls of remove curse
 i - 2 scrolls of amnesia {unknown}
 j - a scroll of fog {unknown}
 k - 4 scrolls of identify
 l - 4 scrolls of teleportation
 m - a scroll of enchant armour
 o - a scroll of immolation {unknown}
 q - 2 scrolls of fear {unknown}
 t - 3 scrolls of magic mapping
 y - a scroll of recharging
 M - a scroll of enchant weapon {unknown}
 N - a scroll of blinking {unknown}
Potions
 d - a potion of brilliance {unknown}
 g - 3 potions of haste
 n - 3 potions of heal wounds
 r - 4 potions of flight
 s - 2 potions of curing
 u - 2 potions of ambrosia {unknown}
 v - 2 potions of lignification {unknown}
 A - 2 potions of degeneration {unknown}
 D - a potion of agility {unknown}
 G - a potion of invisibility
Books
 a - a book of Geomancy
   (You found it on level 7 of the Dungeon)
 I - a book of Callings
   (You found it on level 7 of the Dungeon)
Comestibles
 f - 4 bread rations
 p - 2 chunks of flesh
 E - 20 fruits
 K - a beef jerky


   Skills:
 + Level 9.1 Fighting
 * Level 11.9 Axes
 + Level 9.4 Armour
 + Level 7.4 Shields


You had 9 spell levels left.
You didn't know any spells.

Dungeon Overview and Level Annotations

Branches:
Dungeon (9/15)             Temple (1/1) D:4
   Lair: D:8-11         Orc: D:9-12

Altars:
Ashenzari
Cheibriados
Dithmenos
Elyvilon
Fedhas
Gozag
Hepliaklqana
Kikubaaqudgha
Makhleb
Nemelex Xobeh
Okawaru
Qazlal
Ru
Sif Muna
Trog
Uskayaw
Vehumet
Xom
Yredelemnul
Zin
The Shining One

Shops:
D:5 *   D:7 *   D:9 *


Innate Abilities, Weirdness & Mutations

You reflexively headbutt those who attack you in melee.
You have a pair of horns on your head.


Message History

a mace; a whip
P - a wand of paralysis A crimson imp comes into view.
A crimson imp is nearby!
The crimson imp hits you but does no damage.
You hit the crimson imp. You block the crimson imp's attack.
You slash the crimson imp!
You kill the crimson imp!
Okawaru accepts your kill.
No target in view!
Found an escape hatch in the ceiling.
There is an escape hatch in the ceiling here.
n - 3 potions of heal wounds (gained 1)
You are feeling hungry.
You start eating one of the 21 fruits.
That choko was very bland.
You now have 559 gold pieces (gained 16).
Found Nixziok's General Store.
There is an entrance to Nixziok's General Store here.
Q - a wand of teleportation (4/9);
s - 2 potions of curing (gained 1) Thank you for shopping at Nixziok's General Store!
Drop what? 43/52 slots (_ for help) (? for menu, Esc to quit)
You drop a wand of random effects.
A quokka comes into view.
A quokka is nearby!
The quokka bites you.
You slash the quokka!
You kill the quokka!
Okawaru accepts your kill.
No target in view!
You see here a quokka corpse.
You butcher the quokka corpse.
p - 2 chunks of flesh
Found a stone staircase leading up.
h - 7 scrolls of remove curse (gained 1)
R - a pair of boots Wear which item? (? for menu, Esc to quit)
You start putting on your armour.
You continue putting on your pair of boots. x4
You finish putting on your +0 pair of boots.
There is a stone staircase leading up here.
A hound comes into view.
The hound barks!
You hear a roar!
The hound bites you but does no damage.
You slash the hound!
You kill the hound!
Okawaru accepts your kill.
An eight-headed hydra comes into view.
The eight-headed hydra bites you but does no damage.
The eight-headed hydra bites you.
You block the eight-headed hydra's attack.
The eight-headed hydra bites you!
The eight-headed hydra completely misses you.
You block the eight-headed hydra's attack.
The eight-headed hydra bites you! x2
You are too injured to fight recklessly!
You are too injured to fight recklessly!
You are too injured to fight recklessly!
Here: an eight-headed hydra The floor.
There is a stone staircase leading up here.
You block the eight-headed hydra's attack.
The eight-headed hydra bites you! x2
* * * LOW HITPOINT WARNING * * *
The eight-headed hydra closely misses you.
The eight-headed hydra completely misses you.
The eight-headed hydra bites you!
* * * LOW HITPOINT WARNING * * *
The eight-headed hydra bites you.
* * * LOW HITPOINT WARNING * * *
You block the eight-headed hydra's attack.
You climb upwards.
There is a stone staircase leading down here.
You feel very buoyant.
You fly up into the air.
You feel somewhat more hungry.
The eight-headed hydra bites you but does no damage.
You block the eight-headed hydra's attack.
The eight-headed hydra barely misses you.
The eight-headed hydra bites you but does no damage.
You block the eight-headed hydra's attack.
The eight-headed hydra bites you!
* * * LOW HITPOINT WARNING * * *
The eight-headed hydra bites you but does no damage.
You block the eight-headed hydra's attack.
The eight-headed hydra bites you!
* * * LOW HITPOINT WARNING * * *
You block the eight-headed hydra's attack.
The eight-headed hydra bites you.
* * * LOW HITPOINT WARNING * * *
You block the eight-headed hydra's attack.
The eight-headed hydra barely misses you.
The eight-headed hydra bites you.
* * * LOW HITPOINT WARNING * * *
You block the eight-headed hydra's attack.
The eight-headed hydra barely misses you.
As you read the scroll of teleportation, it crumbles to dust.
You feel strangely unstable.
You block the eight-headed hydra's attack.
The eight-headed hydra bites you!
You die...

#.# #.(#....#.##.# #.#
#.#
#..##...#.##.####.#
#.#
#..........#......#
#.#
###+###..###.#########
..#
#....##.........<....#
###
#....##.####.#####.#.#
#.....#.# #.......#.#
#.....#.############.#
#.....#..H.........#.#
#.......D#########.#.#
#....#...# #.#.##### #
#....#...# #.#.##... #
#....##..# #.#.##.#. #
#######.># #.#....#. #
#### #.######. #
######### #........
#####.......#########
#########


You could see an eight-headed hydra.

Vanquished Creatures
  The ghost of luab the Chopper, a novice TrBe of Trog (D:6)
  Pikel (D:5)
  Prince Ribbit (D:8)
  A hippogriff (D:9)
  Sigmund (D:3)
  A hungry ghost (D:8)
  Menkaure (D:5)
  2 orc warriors
  An ice beast (D:7)
  A sky beast (D:5)
  2 ogres
  A slave (D:5)
  2 eyes of draining
  A necrophage (D:9)
  2 centaurs
  A big kobold (D:8)
  2 bullfrogs (D:6)
  Blork the orc (D:5)
  3 scorpions
  8 killer bees
  4 wights
  2 electric eels (D:7)
  2 crimson imps
  3 howler monkeys
  5 hounds
  A bullfrog skeleton (D:5)
  2 jellies
  2 iguanas
  Ijyb (D:3)
  Terence (D:3)
  7 worker ants
  2 hound skeletons
  A worker ant zombie (D:6)
  Robin (D:2)
  12 adders
  A white imp (D:5)
  2 oozes (D:3)
  An adder skeleton (D:6)
  A worm (D:3)
  A dart slug (D:2)
  2 leopard geckos
  8 orcs
  4 giant cockroaches
  8 goblins
  5 hobgoblins
  16 jackals
  4 quokkas
  3 bats
  9 frilled lizards
  4 kobolds
  2 leopard gecko skeletons (D:5)
  2 quokka zombies (D:6)
  7 rats
160 creatures vanquished.

Vanquished Creatures (others)
  2 centaurs
  A worker ant (D:5)
  A worker ant zombie (D:5)
4 creatures vanquished.

Grand Total: 164 creatures vanquished

Notes
Turn   | Place    | Note
-------+----------+-------------------------------------------
     0 | D:1      | gdspd the Minotaur Fighter began the quest for the Orb.
     0 | D:1      | Reached XP level 1. HP: 19/19 MP: 0/0
   211 | D:1      | Reached XP level 2. HP: 27/27 MP: 1/1
   580 | D:2      | Reached skill level 4 in Fighting
   580 | D:2      | Reached skill level 3 in Axes
   580 | D:2      | Reached skill level 4 in Armour
   620 | D:2      | Reached XP level 3. HP: 30/33 MP: 2/2
   886 | D:2      | Reached skill level 4 in Axes
   886 | D:2      | Reached XP level 4. HP: 27/41 MP: 3/3
  1223 | D:2      | Noticed Robin
  1244 | D:2      | Killed Robin
  1332 | D:3      | Noticed Ijyb
  1341 | D:3      | Killed Ijyb
  1490 | D:3      | Noticed a centaur
  1494 | D:3      | Killed a centaur
  1494 | D:3      | Reached skill level 5 in Fighting
  1494 | D:3      | Reached skill level 5 in Axes
  1494 | D:3      | Reached XP level 5. HP: 37/48 MP: 4/4
  1574 | D:3      | Reached skill level 5 in Armour
  1798 | D:3      | Noticed Sigmund
  1803 | D:3      | Killed Sigmund
  1803 | D:3      | Reached XP level 6. HP: 50/56 MP: 5/5
  1901 | D:3      | Noticed Terence
  1914 | D:3      | Killed Terence
  1914 | D:3      | Reached skill level 6 in Axes
  2476 | D:4      | Reached XP level 7. HP: 56/62 MP: 6/6
  2550 | D:4      | Found a staircase to the Ecumenical Temple.
  2564 | Temple   | Entered the Ecumenical Temple
  2660 | Temple   | Became a worshipper of Warmaster Okawaru
  2740 | D:4      | Reached skill level 6 in Armour
  2833 | D:4      | Reached skill level 6 in Fighting
  2833 | D:4      | Reached skill level 7 in Axes
  3109 | D:5      | Entered Level 5 of the Dungeon
  3140 | D:5      | Noticed Blork the orc
  3146 | D:5      | Killed Blork the orc
  3199 | D:5      | Noticed Menkaure
  3205 | D:5      | Killed Menkaure
  3205 | D:5      | Reached * piety under Okawaru
  3261 | D:5      | Reached skill level 8 in Axes
  3284 | D:5      | Reached XP level 8. HP: 57/71 MP: 7/7
  3382 | D:5      | Found Dicaic's Assorted Antiques.
  3389 | D:5      | Reached skill level 7 in Armour
  3454 | D:5      | Reached skill level 4 in Shields
  3492 | D:5      | Noticed Pikel
  3505 | D:5      | Killed Pikel
  3505 | D:5      | Reached ** piety under Okawaru
  3505 | D:5      | Reached skill level 7 in Fighting
  3505 | D:5      | Reached skill level 9 in Axes
  3507 | D:5      | HP: 18/73 [something (6)]
  3514 | D:5      | Reached skill level 5 in Shields
  4117 | D:6      | Reached XP level 9. HP: 78/80 MP: 8/8
  4224 | D:6      | Reached skill level 8 in Armour
  4227 | D:6      | Noticed luab's ghost (novice TrBe)
  4252 | D:6      | Killed luab's ghost
  4252 | D:6      | Reached *** piety under Okawaru
  4252 | D:6      | Reached skill level 8 in Fighting
  4252 | D:6      | Reached skill level 10 in Axes
  4271 | D:6      | Reached skill level 6 in Shields
  4285 | D:6      | Found a radiant altar of Vehumet.
  4839 | D:7      | HP: 13/81 [orc warrior/hand axe (10)]
  4858 | D:7      | Reached skill level 11 in Axes
  5020 | D:7      | Found Kumam's Assorted Antiques.
  5444 | D:7      | Reached skill level 9 in Armour
  5944 | D:8      | Reached skill level 7 in Shields
  5944 | D:8      | HP: 19/82 [killer bee (7)]
  5950 | D:8      | Reached XP level 10. HP: 20/90 MP: 6/9
  5951 | D:8      | HP: 20/90 [poisoned by a killer bee]
  5958 | D:8      | HP: 21/90 [poisoned by a killer bee]
  6318 | D:8      | Noticed Prince Ribbit
  6326 | D:8      | Killed Prince Ribbit
  6651 | D:9      | Reached skill level 9 in Fighting
  6683 | D:9      | Reached **** piety under Okawaru
  6761 | D:9      | Found Nixziok's General Store.
  6768 | D:9      | Bought a wand of teleportation (4/9) for 312 gold pieces
  6768 | D:9      | Bought a potion of curing for 39 gold pieces
  6859 | D:9      | Noticed an eight-headed hydra
  6868 | D:8      | HP: 18/90 [eight-headed hydra (7)]
  6869 | D:8      | HP: 5/90 [eight-headed hydra (4)]
  6874 | D:8      | Slain by an eight-headed hydra

Skill      XL: |  1  2  3  4  5  6  7  8  9 10 |
---------------+-------------------------------+-----
Fighting       | 4 5 6 7 8 9 |  9.1
Axes           | 3 4 5 6 8 9 11 | 11.9
Armour         | 4 5 6 7 9 |  9.4
Shields        | 5 7 |  7.4

Action                   |  1- 3 |  4- 6 |  7- 9 | 10-12 || total
-------------------------+-------+-------+-------+-------++-------
Melee: War axe           |    68 |   110 |   234 |    46 ||   458
       Headbutt          |     6 |    18 |    52 |     7 ||    83
Invok: Heroism           |       |       |     4 |       ||     4
 Abil: Evoke Flight      |       |       |       |     1 ||     1
  Use: Potion            |       |     1 |     4 |       ||     5
       Scroll            |       |       |    13 |     1 ||    14
  Eat: Bread ration      |       |     1 |       |       ||     1
       Chunk             |       |     1 |     1 |       ||     2
       Beef jerky        |       |       |     2 |       ||     2
       Meat ration       |       |       |     2 |       ||     2
       Fruit             |       |       |       |     4 ||     4
Armor: Scale mail        |    29 |    38 |    61 |    18 ||   146
Dodge: Dodged            |    25 |    19 |    46 |    11 ||   101
Block: Shield            |    32 |    65 |   158 |    28 ||   283
       Reflection        |       |     3 |    10 |       ||    13

Vault maps used:
D:1:      evilmike_arrival_home_sweet_home
D:2:      uniq_robin
D:3:      uniq_sigmund, uniq_iyjb, uniq_terence
D:4:      minmay_temple_entry_statues, first_bread, serial_bayou_lake_a
D:5:      serial_shops, nicolae_shop_statue_plus, minmay_fire_ice_demons,
          uniq_pikel, uniq_blork_the_orc, uniq_menkaure
D:6:      vehumet_altar_wand_db
D:7:      kennysheep_big_flooded_room, serial_shops,
          nicolae_shop_overgrown_old_shop
D:8:      blue_anna_alchemist, lemuel_flamethrower_2, uniq_prince_ribbit1
D:9:      serial_shops, shop, uniq_maurice
Temple:   compressed_dpeg_circular_temple

Table legend:
 A = Turns spent in this place as a percentage of turns spent in the entire game.
 B = Non-inter-level travel turns spent in this place as a percentage of non-inter-level travel turns spent in the entire game.
 C = Inter-level travel turns spent in this place as a percentage of turns spent in this place.
 D = Turns resting spent in this place as a percentage of non-inter-level travel turns spent in this place.
 E = Turns spent auto-exploring this place as a percentage of non-inter-level travel turns spent in this place.
 F = Non-inter-level travel turns spent in this place divided by the number of levels of this place that you've seen.
                   A       B       C       D       E      F
               +-------+-------+-------+-------+-------+----------------------
         Total | 100.0 | 100.0 |   0.9 |   1.8 |  15.9 | 147.6
       Dungeon |  98.3 |  98.4 |   0.8 |   1.8 |  14.7 | 161.4
        Temple |   1.7 |   1.6 |   8.0 |   0.0 |  91.3 |  23.0
               +-------+-------+-------+-------+-------+----------------------

Table legend:
 A = Kills in this place as a percentage of kills in entire the game.
 B = Kills by you in this place as a percentage of kills by you in the entire game.
 C = Kills by friends in this place as a percentage of kills by friends in the entire game.
 D = Other kills in this place as a percentage of other kills in the entire game.
 E = Experience gained in this place as a percentage of experience gained in the entire game.
 F = Experience gained in this place divided by the number of levels of this place that you have seen.
                   A       B       C       D       E      F
               +-------+-------+-------+-------+-------+----------------------
         Total | 100.0 | 100.0 |  -nan | 100.0 | 100.0 | 687.7
       Dungeon | 100.0 | 100.0 |  -nan | 100.0 | 100.0 | 764.1
               +-------+-------+-------+-------+-------+----------------------
